 Dungeon Crawl Stone Soup version 0.28-a0-657-g71136c5590 (webtiles) character file.

Game seed: 3920642315234838299

18 cheechan the Sneak (level 2, 0/25 HPs)
             Began as a Barachi Delver on Oct 13, 2021.
             Succumbed to an adder's poison
             ... on level 2 of the Dungeon.
             The game lasted 00:01:07 (342 turns).

cheechan the Sneak (Barachi Delver)                  Turns: 342, Time: 00:01:07

Health: 0/25       AC:  3    Str: 13    XL:     2   Next: 66%
Magic:  2/2        EV: 12    Int: 10    God:
Gold:   0          SH:  0    Dex: 13    Spells: 1/1 levels left

rFire   . . .      SeeInvis .   a - +0 falchion
rCold   . . .      Faith    .   (no shield)
rNeg    . . .      Spirit   .   b - +0 leather armour
rPois   .          Reflect  .   (no helmet)
rElec   .          Harm     .   (no cloak)
rCorr   .          Rampage  .   (no gloves)
Will    .....                   (no boots)
Stlth   +++.......              (no amulet)
HPRegen 0.08/turn               (no ring)
MPRegen 0.08/turn               (no ring)

@: lethally poisoned (0 -> -6), slow
A: amphibious, slowness 1, strong legs 1, +LOS
a: Hop


You were on level 2 of the Dungeon.
You visited 1 branch of the dungeon, and saw 4 of its levels.

Inventory:

Hand Weapons
 a - a +0 falchion (weapon)
 i - a +0 spear
Missiles
 j - 15 stones
Armour
 b - a +0 leather armour (worn)
Wands
 g - a wand of digging (3)
Scrolls
 c - a scroll of fog
 d - a scroll of magic mapping
 e - a scroll of fear
Potions
 f - a potion of haste
 h - a potion of attraction {unknown}
 k - a potion of brilliance {unknown}
 l - a potion of degeneration {unknown}


   Skills:
 + Level 3.8 Fighting
 + Level 2.6 Long Blades
 + Level 0.2 Armour
 + Level 2.2 Dodging
 + Level 4.9 Stealth


You had one spell level left.
You didn't know any spells.
Your spell library contained the following spells:

 Spells                   Type           Power      Damage    Failure   Level
 Call Canine Familiar     Summ           0%         N/A       82%         3
 Portal Projectile        Hex/Tloc       0%         N/A       82%         3
 Leda's Liquefaction      Hex/Erth       0%         N/A       99%         4


Dungeon Overview and Level Annotations

Branches:
Dungeon (5/15)
 Temple: D:4-7

Altars:


Innate Abilities, Weirdness & Mutations

You are amphibious.
You cover ground slowly.
You can hop short distances.
You have an extended range of vision and can be seen from far away.


Message History

You hit the hobgoblin.
The hobgoblin is severely wounded.
The hobgoblin barely misses you.
You closely miss the hobgoblin.
The hobgoblin is severely wounded.
The adder bites you. The hobgoblin barely misses you.
The adder closely misses you.
You slash the adder!
The adder is severely wounded.
The adder barely misses you. The hobgoblin hits you.
You miss the adder.
The adder is severely wounded.
The adder closely misses you. The hobgoblin barely misses you.
The adder bites you.
You miss the adder.
The adder is severely wounded.
The hobgoblin closely misses you. The adder misses you.
The hobgoblin closely misses you. The adder bites you.
You are poisoned.
The adder poisons you!
You hit the adder.
The adder is almost dead.
You feel sick. The adder closely misses you. The hobgoblin barely misses you.
You closely miss the adder.
The adder is almost dead.
You feel sick. The adder bites you.
You are lethally poisoned!
The adder poisons you! The hobgoblin misses you. The adder closely misses you.
You closely miss the adder.
The adder is almost dead.
* * * LOW HITPOINT WARNING * * *
You feel sick. The hobgoblin closely misses you. The adder bites you.
* * * LOW HITPOINT WARNING * * *
You hit the adder.
You kill the adder!
* * * LOW HITPOINT WARNING * * *
You feel sick. The hobgoblin barely misses you.
You hit the hobgoblin.
You kill the hobgoblin!
You die...

. #.# .##.#
..#># #r#.#
#.#.# #.#.#
#.#.######
#........#
#.@##.##.#
#.†.# ..#
....#.. ...
.....#...#.
.#.# ###..#
..##. #.#
#. #... ..
# # #... ..
#?## ## #.


You could see a rat (asleep).

Vanquished Creatures
  An adder (D:2)
  2 endoplasms
  3 goblins (D:3)
  A hobgoblin (D:2)
  A kobold (D:3)
  A bat (D:3)
9 creatures vanquished.

Notes
Turn   | Place    | Note
-------+----------+-------------------------------------------
     0 | D:5      | cheechan the Barachi Delver began the quest for the Orb.
     0 | D:5      | Reached XP level 1. HP: 18/18 MP: 1/1
   310 | D:3      | Reached XP level 2. HP: 23/25 MP: 2/2
   342 | D:2      | Succumbed to an adder's poison

Illustrated notes

Levels and vault maps discovered:
D:2:      minmay_alternating_diamond, layout_loops_ring,
          ebering_ecumenical_altar_box, uniq_crazy_yiuf_cottage
D:3:      layout_basic, zin_angel
D:4:      layout_rooms, minmay_temple_entry_mist, uniq_edmund
D:5:      layout_basic, minivault_14, grunt_ministairs_9, bh_walls_and_bars

Action                   || total
-------------------------++-------
Melee: Falchion          ||    34
 Stab: Sleeping          ||     1
Armor: Leather armour    ||     6
Dodge: Dodged            ||    29

Table legend: (Time is in decaauts)
 A = Elapsed time spent in this place.
 B = Non-inter-level travel time spent in this place.
 C = Inter-level travel time spent in this place.
 D = Time resting spent in this place.
 E = Time spent auto-exploring this place.
 F = Levels seen in this place.
 G = Mean time per level.
                   A        B        C        D        E       F      G
               +--------+--------+--------+--------+--------+-----+--------+
         Total |    378 |    378 |      0 |    142 |      0 |   4 |   94.5 |
       Dungeon |    378 |    378 |      0 |    142 |      0 |   4 |   94.5 |
               +--------+--------+--------+--------+--------+-----+--------+

Top non-repeatable levels by time:
     D:3: 295 daAuts
     D:5: 51 daAuts
     D:2: 19 daAuts
     D:4: 12 daAuts
